Unix NetHack Version 5.0.0-0 post-release - last build Jun 10 2026 00:39:30 (3ee93aec679c4c4259841fe613dc97188e26a321,branch:main).

Game began 2026-06-11 17:19:43, ended 2026-06-11 17:32:20.

ArrBianca, neutral female human Healer

                                                     ---
                                            ----  ---..|--------
                                            |..----... |.......|
                                            |...--..-  |.......--
                                        ######.%....|  |........|
               ###### # ##    --##   # )     --..0..| --..)...<--
 ----       --#-....---#--#####.--# # #       |.....|--..--..---
 |..--      |....................--#          --....--..------
 --..--    -#.----...-------.-....|            -.......---
 --...| ---#..|  |..--    |......--           -..........|
--....---.)[.--  |..|     |-....--      ---- |...........--
|..))....[|.---  ----     |.....| ----- -..| |............---
--..----#-|...|----       --...----...| ...| |..............
 --.| -#----..--..----     --..^......---..| ----.............
  |.--#..--|.......|.--     ---------......|-----....----.......
  |...|...--..........|             |..---.|.o@Z....--   --..|...|
  --.>............|..--             |..| |...---....|      ---  .|
   |..............----              |..| |..-- --...|            |
   --...--.........|                |..| |..|   -----
    -----|..|.|.|..|                |..| ----
         -----------                ----
ArrBianca the Empiric        St:10 Dx:9 Co:14 In:10 Wi:17 Ch:16  Neutral
Dlvl:4  $:1892 HP:0(38) Pw:6(41) AC:10 Xp:5 T:2126 

Latest messages:
 You hit the hill orc.
 The hill orc hits!
 You miss the hill orc.
 The hill orc hits!
 The elf zombie hits the hill orc.
 The hill orc is killed!
 What do you want to drink? [derB-D or ?*]
 You feel better.
 The hill orc picks up a green gem.
 Are you waiting to get hit?  Use 'm' prefix to force a no-op (to rest).
 You hit the hill orc.
 The hill orc hits!
 You hit the hill orc.
 The hill orc hits!
 You hit the hill orc.
 The hill orc hits!
 The elf zombie hits!
 You miss the hill orc.
 The hill orc hits!
 You miss the hill orc.
 The hill orc hits!
 You hit the hill orc.
 The hill orc hits!
 The elf zombie hits!
 What do you want to drink? [derB-D or ?*]
 You feel better.
 The hill orc hits!
 The elf zombie hits!
 You kill the hill orc!
 The elf zombie hits!
 You miss the elf zombie.
 The elf zombie hits!
 You miss the elf zombie.
 You hit the elf zombie.
 The elf zombie hits!
 What do you want to drink? [derB-D or ?*]
 You feel better.
 You hit the elf zombie.
 The hill orc wields a curved sword!
 You destroy the elf zombie!
 The hill orc picks up an iron skull cap.
 You hit the hill orc.
 The hill orc swings her curved sword.
 The hill orc hits!
 You hit the elf zombie.
 The hill orc swings her curved sword.
 The hill orc hits!
 The elf zombie hits!
 You die...
 Do you want your possessions identified? [ynq] (y)

Inventory:
 Coins    ('$')
  $ - 1892 gold pieces
 Weapons  (')')
  a - a +0 scalpel (weapon in right hand)
 Wands    ('/')
  o - a wand of light (0:13)
  f - a wand of sleep (0:8)
 Tools    ('(')
  E - an uncursed skeleton key
  c - an uncursed stethoscope
  I - an uncursed tallow candle
 Rings    ('=')
  n - an uncursed ring of stealth (on right hand)
 Scrolls  ('?')
  k - an uncursed scroll of magic mapping
  x - a blessed scroll of teleportation
 Potions  ('!')
  e - 4 uncursed potions of extra healing
  r - a blessed potion of object detection
  B - an uncursed potion of oil
  C - an uncursed potion of water
  D - an uncursed potion of water
 Armor    ('[')
  p - an uncursed thoroughly rusty +0 orcish helm (being worn)
  b - an uncursed +1 pair of leather gloves (being worn)
  J - a cursed +0 pair of iron shoes (being worn)
  K - a cursed -4 dwarvish cloak (being worn)
 Spellbooks  ('+')
  h - a blessed spellbook of extra healing
  g - a blessed spellbook of healing
  i - a blessed spellbook of stone to flesh

ArrBianca the Healer's attributes:

Background:
 You were an Empiric, a level 5 female human Healer.
 You were neutral, on a mission for Hermes
 who was opposed by Athena (lawful) and Poseidon (chaotic).
 You were right-handed.
 You were in the Gnomish Mines, on level 4.
 You entered the dungeon 2126 turns ago.
 You had 228 experience points, 92 more were needed to attain level 6.

Basics:
 You had 0 out of 38 hit points.
 You had 6 out of 41 energy points (spell power).
 Your armor class was 10.
 Your wallet contained 1892 zorkmids.
 Autopickup was on for '$?!/="+%' plus thrown, with exceptions.

Final Characteristics:
 Your strength was 10 (limit:18/100).
 Your dexterity was 9 (limit:18).
 Your constitution was 14 (limit:18).
 Your intelligence was 10 (limit:18).
 Your wisdom was 17 (limit:18).
 Your charisma was 16 (limit:18).

Final Status:
 You weren't hungry.
 You were unencumbered.
 You were wielding a knife.
 You had basic skill with knife and could have enhanced that.

Final Attributes:
 You were piously aligned.
 Your items were somewhat protected from fire.
 Your items were somewhat protected from cold.
 You were poison resistant.
 You were stealthy.
 You were warded.
 You are dead.

Miscellaneous:
 You didn't encounter any bones levels.
 Total elapsed playing time was 12 minutes and 37 seconds.

Major events:
 Turn
    1: ArrBianca the neutral female human Healer entered the dungeon
 1414: attained the rank of Empiric (level 3)
 1663: entered the Gnomish Mines
 2126: killed by an elf zombie

Spells:
 Name                 Level Category     Fail Retention
 healing                1   healing        1%   81%-90%
 extra healing          3   healing       20%   81%-90%
 stone to flesh         3   healing       41%   81%-90%

Skills:
 Fighting Skills
   bare handed combat [Unskilled]
 Weapon Skills
   dagger             [Unskilled]
   knife              [Basic]
   short sword        [Unskilled]
   saber              [Unskilled]
   club               [Unskilled]
   mace               [Unskilled]
   quarterstaff       [Unskilled]
   polearms           [Unskilled]
   spear              [Unskilled]
   trident            [Unskilled]
   sling              [Unskilled]
   dart               [Unskilled]
   shuriken           [Unskilled]
   unicorn horn       [Unskilled]
 Spellcasting Skills
   healing spells     [Basic]

Voluntary challenges:
 Character rerolling was not enabled.
 You were illiterate.
 You never genocided any monsters.
 You never polymorphed an object.
 You never changed form.
 You used no wishes.
Achievements:
 You attained the rank of Empiric.
 You entered a shop.
 You entered the Gnomish Mines.

 The Dungeons of Doom: levels 1 to 3
    Level 1:
    Level 2:
    Level 3:
       A potion shop, some fountains.
       Stairs down to The Gnomish Mines.
 The Gnomish Mines: levels 4 to 5
    Level 4: <- You were here.
       Final resting place for
          you, killed by an elf zombie.
    Level 5:


Vanquished creatures:
  a shrieker
  2 gnome leaders
  a gnomish wizard
  a kobold mummy
  a gray ooze
 an elf zombie
  2 dwarves
  2 hill orcs
 an acid blob
  a coyote
  a hobbit
  2 red molds
  8 gnomes
  2 geckos
  3 jackals
  2 foxes
  2 goblins
  2 sewer rats
  5 grid bugs
  3 lichens
  5 newts
48 creatures vanquished.

No species were genocided or became extinct.

Game over:
                       ----------
                      /          \
                     /    REST    \
                    /      IN      \
                   /     PEACE      \
                  /                  \
                  |    ArrBianca     |
                  |     1892 Au      |
                  | killed by an elf |
                  |      zombie      |
                  |                  |
                  |                  |
                  |       2026       |
                 *|     *  *  *      | *
        _________)/\\_//(\/(/\)/\//\/|_)_______

Goodbye ArrBianca the Healer...

You died in The Gnomish Mines on dungeon level 4 with 1147 points,
and 1892 pieces of gold, after 2126 moves.
You were level 5 with a maximum of 38 hit points when you died.

